[Event "Early-Titled-Tuesday-Blitz-March-19-2024"]
[Site "Chess.com"]
[Date "2024.03.19"]
[Round "7"]
[White "superchess02"]
[Black "Ural_bogatyr"]
[Result "1/2-1/2"]
[WhiteElo "2824"]
[BlackElo "2617"]
[TimeControl "180+1"]
[EndTime "9:20:34 PDT"]
[Termination "Game drawn by repetition"]

1. d4 Nf6 2. c4 e6 3. Nc3 d5 4. Bg5 Be7 5. e3 O-O 6. Nf3 c6 7. Rc1 h6 8. Bh4 Nbd7 9. Bd3 dxc4 10. Bxc4 b5 11. Bd3 Bb7 12. O-O a6 13. a4 b4 14.
Bxf6 gxf6 15. Ne4 Qb6 16. Qc2 Rfd8 17. Rfd1 Qa5 18. Nfd2 c5 19. Nb3 Qc7 20. Nbxc5 Nxc5 21. Nxc5 Bxc5 22. Qxc5 Qxc5 23. Rxc5 Rac8 24. Rxc8 Rxc8 25.
f3 a5 26. Kf2 Bd5 27. Ke2 Bb3 28. Ra1 Kf8 29. Kd2 Ke7 30. h4 Kd6 31. h5 f5 32. g4 fxg4 33. fxg4 Rg8 34. Be2 f5 35. gxf5 exf5 36. Rf1 Rg2 37. Ke1 Be6 38. Rf2 Rg1+ 39. Rf1 Rg2 40. Rf2 Rg1+ 41. Kd2 b3 42. Bd3 Rg5 43. Rh2 Rg1 44. Rf2 Rg5 45. Kc3 Rxh5 46.
Bc4 Rh3 47. Bxe6 Rxe3+ 48. Kd2 Rxe6 49. Rxf5 Re8 50. Rxa5 Rc8 51. Rh5 Rc2+ 52. Kd3 Rxb2 53. Rxh6+ Kd5 54. Rh5+ Kd6 55. Kc3 Rb1 56. Rb5 Ra1 57.
Kxb3 Rd1 58. Kc4 Rc1+ 59. Kb4 Rd1 60. d5 Kc7 61. a5 Ra1 62. Rc5+ Kd6 63. Rb5 Rb1+ 64.
Kc4 Rc1+ 65. Kd4 Rd1+ 66. Ke4 Re1+ 67. Kf3 Rd1 68. Ke4 Re1+ 69. Kd3 Rd1+ 70. Kc4 Rc1+ 71. Kd4 Rd1+ 72. Ke4 1/2-1/2

[Event "Early-Titled-Tuesday-Blitz-March-19-2024"]
[Site "Chess.com"]
[Date "2024.03.19"]
[Round "7"]
[White "KuzubovYuriy"]
[Black "Polish_fighter3000"]
[Result "1/2-1/2"]
[WhiteElo "2918"]
[BlackElo "3152"]
[TimeControl "180+1"]
[EndTime "9:20:37 PDT"]
[Termination "Game drawn - insufficient material"]

1. d4 Nf6 2. Nf3 d5 3. c4 e6 4. Nc3 Be7 5. cxd5 exd5 6. Bf4 c6 7. e3 Bf5 8. Nh4 Bg6 9. Nxg6 hxg6 10. h4 Nbd7 11. Bd3 Nf8 12. Qb3 Qb6 13. Qc2 Ne6 14. Bg3 O-O-O 15. O-O-O Bd6 16. Bxd6 Rxd6 17. Kb1 Kb8 18.
g3 Rdd8 19. Rc1 g5 20. hxg5 Nxg5 21. Na4 Qc7 22. Nc5 Ne6 23. Nb3 g6 24. a3 Qb6 25.
Qc3 Ng4 26. Rhf1 Rh2 27. Rc2 a6 28. a4 Ka8 29. Ka2 f5 30. a5 Qc7 31. Bxa6 bxa6 32. Qxc6+ Qxc6 33. Rxc6 Re8 34. Rxa6+ Kb8 35. Rc1 Rxf2 36.
Rb6+ Ka8 37. Rcc6 Nxe3 38. Rxe6 Rxe6 39. Rxe6 Nc4 40. Nc5 Rxb2+ 41. Ka1 g5 42. a6 Rb6 43.
Re8+ Rb8 44. Re7 Rf8 45. Ne6 Rg8 46. Rf7 f4 47. gxf4 g4 48. Nc7+ Ka7 49. Nxd5+ Kxa6 50. Nf6 Rg6 51. f5 Rg5 52. Ne4 Rg8 53. Rf6+ Kb5 54. Rg6 Rf8 55. f6 Kc6 56. Rg5 Ne3 57. Kb2 Re8 58. Nc3 Kd6 59. d5 Rb8+ 60. Kc1 Rb4 61. f7 Rf4 62. Ne4+ Ke7 63. d6+ Kxf7 64. d7 Ke7 65. Nc5 Rf8 66. Rg7+ Kd6 67. Nb7+ Ke5 68.
d8=Q Rxd8 69. Nxd8 Kf4 70. Kd2 g3 71. Rf7+ Nf5 72.
Ke2 Ke4 73. Ne6 Ke5 74. Ng5 Kf4 75. Nf3 Ke4 76. Nd2+ Kf4 77. Kf1 Kg4 78. Kg1 Nh4 79. Rg7+ Kf4 80. Nf1 Nf5 81. Kg2 Nxg7 82. Nxg3 1/2-1/2

[Event "Early-Titled-Tuesday-Blitz-March-19-2024"]
[Site "Chess.com"]
[Date "2024.03.19"]
[Round "7"]
[White "VincentKeymer"]
[Black "alexrustemov"]
[Result "1-0"]
[WhiteElo "3068"]
[BlackElo "2871"]
[TimeControl "180+1"]
[EndTime "9:20:39 PDT"]
[Termination "VincentKeymer won on time"]

1. c4 e6 2. Nf3 d5 3. e3 Nf6 4. Nc3 Be7 5. b3 O-O 6. Bb2 c5 7. cxd5 Nxd5 8. Qc2 Nc6 9. a3 b6 10. h4 Nf6 11. g4 Bb7 12. g5 Nd7 13. Ne4 f5 14. gxf6 Nxf6 15. Nfg5 Nxe4 16. Qxe4 Bxg5 17. hxg5 Qxg5 18. Bc4 Rae8 19. Bxe6+ Rxe6 20. Qxe6+ Rf7 21. O-O-O Qf5 22. Qxf5 Rxf5 23. f4 Na5 24. Rhg1 g6 25. b4 Nc6 26. Bc3 Kf7 27. Rg5 Ne7 28. bxc5 bxc5 29.
d3 h5 30. Rxf5+ Nxf5 31. e4 Ng3 32. Kd2 c4 33. Rb1 Bc6 34. dxc4 Nxe4+ 35. Kd3 h4 36.
Be5 h3 37. Rb2 Nc5+ 38. Kd4 Bg2 39. f5 Nd7 40. fxg6+ Kxg6 41. Bh2 Kf5 42. c5 Nf6 43. a4 Ng4 44. Bg3 Ke6 45. a5 Nf6 46. Rb8 Ne4 47.
Bh2 Nd2 48. Bg3 Nf1 49. Bf4 h2 50. Bxh2 Nxh2 51. Rb2 Nf3+ 52. Ke3 Bh1 53. Rb1 Bg2 54. Rb7 a6 55. Rb6+ Kd5 56. Rxa6 Kxc5 57. Rg6 Bh1 58.
a6 Nd4 59. Rg5+ Kb6 60. Kxd4 Kxa6 61. Kc5 Kb7 62. Rg7+ Ka6 63. Rg6+ Ka7 64. Rb6 Ka8 65. Kb5 Ka7 66. Ka5 Bb7 67. Rd6 Be4 68. Kb5 Kb7 69.
Rd7+ Kc8 70. Re7 Bf3 71. Kc5 Kd8 72. Kd6 Kc8 73. Rd7 Bg2 74. Rc7+ Kb8 75. Rg7 Bf3 76.
Rf7 Kc8 77. Rxf3 1-0

[Event "Early-Titled-Tuesday-Blitz-March-19-2024"]
[Site "Chess.com"]
[Date "2024.03.19"]
[Round "7"]
[White "Chessmissile07"]
[Black "Hope_6"]
[Result "1/2-1/2"]
[WhiteElo "2930"]
[BlackElo "2716"]
[TimeControl "180+1"]
[EndTime "9:20:41 PDT"]
[Termination "Game drawn - insufficient material"]

1. a3 e5 2. e4 Nc6 3. Nf3 Nf6 4. Nc3 Bc5 5. Bb5 d6 6. d4 exd4 7. Nxd4 Bd7 8. Bxc6 bxc6 9. O-O O-O 10. h3 Re8 11. Re1 h6 12. Bf4 Rb8 13. Nb3 Bb6 14. e5 dxe5 15.
Bxe5 Nh7 16. Qf3 Qg5 17. Qg3 Bxh3 18. Qxg5 Nxg5 19. Na4 Be6 20. Nxb6 axb6 21. Bxc7 Rb7 22. Bf4 Rd8 23. Bxg5 hxg5 24. Rad1 Rbd7 25. Rxd7 Rxd7 26. Re5 Rd1+ 27. Kh2 Bxb3 28. cxb3 Rd2 29. f3 Rxb2 30. b4 Rb3 31. Re8+ Kh7 32. Rc8 Rc3 33. a4 f6 34. b5 c5 35. Rc6 Rc4 36. Rxb6 Rxa4 37. Rc6 c4 38. Kg3 Kg6 39. b6 Rb4 40. Kf2 c3 41.
Ke3 c2 42. Kd2 Rb2 43. Kc1 Rb4 44. Kxc2 g4 45. Kc3 Rb1 46. Kc4 Kg5 47. Kc5 gxf3 48. gxf3 Kf4 49. Rc7 g5 50. Rf7 f5 51. Kc6 Kxf3 52.
Rxf5+ Kg4 53. Rb5 Rc1+ 54. Rc5 Rb1 55. b7 Rxb7 56. Kxb7 Kf4 57. Kc6 g4 58. Rc4+ Kf3 59. Kd5 g3 60. Rc3+ Kf2 61. Ke4 g2 62. Rc2+ Kg3 63.
Rc1 Kf2 64. Rc2+ Kg3 65. Rc1 Kf2 66. Kf4 g1=Q 67. Rc2+ Kf1 68. Rc1+ Kg2 69. Rxg1+ Kxg1 1/2-1/2

[Event "Early-Titled-Tuesday-Blitz-March-19-2024"]
[Site "Chess.com"]
[Date "2024.03.19"]
[Round "7"]
[White "IMchanged"]
[Black "TitarovVasiliYouTube"]
[Result "0-1"]
[WhiteElo "2667"]
[BlackElo "2554"]
[TimeControl "180+1"]
[EndTime "9:21:01 PDT"]
[Termination "TitarovVasiliYouTube won on time"]

1. e4 c5 2. b4 cxb4 3. a3 d5 4. exd5 Qxd5 5. Nf3 e6 6. Bb2 Nf6 7. axb4 Bxb4 8. c4 Qe4+ 9. Be2 Nc6 10. O-O O-O 11. d4 Rd8 12. Bd3 Qg4 13. h3 Qh5 14. Qe2 Bd7 15. Nc3 Ne7 16. Qe3 Ng6 17. Ne5 Be8 18. Ne2 Nxe5 19. dxe5 Nd7 20. Bd4 a5 21. Ng3 Qh4 22. f4 Nc5 23. Bxc5 Bxc5 24. Qxc5 Rxd3 25. Ne4 Bc6 26. Rae1 a4 27. Re3 Rxe3 28.
Qxe3 a3 29. Nd6 a2 30. Ra1 h5 31. Qd2 Ra3 32. Rxa2 Rxa2 33. Qxa2 Qxf4 34. Qb2 Kh7 35. Qc2+ g6 36. Qc3 Kg7 37. c5 h4 38. Qb2 Qg5 39. Qe2 Qg3 40. Nc4 Qc3 41. Nd6 Qxc5+ 42. Kh2 Qc3 43. Qe1 Qg3+ 44. Qxg3 hxg3+ 45. Kxg3 b5 46. Kf2 b4 47. Nc4 b3 48. Nb2 Bd5 49. Ke3 Kh6 50. g3 Kg5 51. Nd3 Kf5 52. Kd4 g5 53. g4+ Kg6 54. Kc3 Bg2 55. Nf2 Bd5 56. Nd3 f6 57. exf6 Kxf6 58. Kd4 Bg2 59. Kc3 Bxh3 60. Nf2 Bf1 61.
Kxb3 Ke5 62. Kc3 Kf4 63. Kd2 Kf3 64. Ke1 Bc4 65. Nd1 Bd5 66. Nc3 Kxg4 67. Kf2 Kf4 68. Ne2+ Ke5 69. Ke3 Ba8 70. Ng3 g4 71. Ne2 Bf3 72.
Ng3 Kd5 73. Nh5 e5 74. Ng3 Ke6 75. Nh5 Kf5 76. Ng3+ Kg5 77. Nf1 Kh4 78. Kf2 Kh3 79. Ng3 e4 80. Nf5 Kh2 81. Nd4 g3+ 82. Ke3 g2 0-1

[Event "Early-Titled-Tuesday-Blitz-March-19-2024"]
[Site "Chess.com"]
[Date "2024.03.19"]
[Round "7"]
[White "Zhigalko_Sergei"]
[Black "AnishOnYoutube"]
[Result "0-1"]
[WhiteElo "2858"]
[BlackElo "3038"]
[TimeControl "180+1"]
[EndTime "9:21:02 PDT"]
[Termination "AnishOnYoutube won on time"]

1. e4 e5 2. Nf3 Nc6 3. Bc4 Nf6 4.
d3 Bc5 5. O-O O-O 6. Nbd2 d6 7.
c3 a5 8. h3 Be6 9. Bb5 Ba7 10.
Re1 Ne7 11. Nf1 Ng6 12. Ng3 c6 13. Ba4 d5 14. exd5 Nxd5 15. d4 exd4 16. Nxd4 Qc7 17.
Bc2 Rad8 18. Qf3 Bxd4 19. cxd4 Nb4 20. Be4 Bd5 21. Qc3 Nxa2 22. Qa3 Nxc1 23. Raxc1 Qb6 24. Nf5 Be6 25. Qc5 Qxc5 26. dxc5 Rd2 27. Nd6 Rxb2 28. Rb1 Rxb1 29. Rxb1 Ne5 30. Rxb7 Nd7 31. Bxc6 Nxc5 32. Ra7 Rd8 33. Ne4 Nxe4 34. Bxe4 g6 35. Rxa5 Kg7 36. Bf3 Re8 37. Ra1 Re7 38. Rc1 h5 39. Re1 Rd7 40. Rf1 Kf6 41. Rd1 Rxd1+ 42. Bxd1 h4 43. Kh2 Ke5 44.
g3 g5 45. Bf3 Kd4 46. gxh4 gxh4 47. Kg2 f6 48. Bh5 Bd5+ 49. Kg1 Kd3 50. Bg6+ Kd2 51. Bh5 Be6 52. Kg2 Bd7 53. Bf3 Kd3 54. Bh5 Ke4 55. Bg6+ Kf4 56. Bh5 Be6 57. Bd1 Bd5+ 58. Kh2 Ke4 59. Kg1 Kd3 60. Kh2 Kd2 61. Bh5 Ke1 62.
Kg1 Bc4 63. Bg4 Bf1 64. Bf5 Be2 65. Be6 Bd3 66. Bd7 Be4 67. Be6 Bf3 68. Bf5 Kd2 69. Be6 Kc3 70. Bd7 Kd4 71. Be6 Ke5 72. Bd7 Be4 73.
Kh2 Kf4 74. Bc8 Bf5 75. Bb7 Be6 76. Bc6 Ke5 77. Bb7 Kd4 78. Bc6 Kc4 79. Bb7 Kc5 80. Bf3 Kd4 81. Bc6 Kd3 82. Bb7 Ke2 83. Kg2 Bf5 84. Bf3+ Kd3 85. Bc6 Be4+ 86. Bxe4+ Kxe4 87. Kg1 Kf3 88. Kf1 f5 89. Kg1 Ke2 90. Kg2 f4 91. Kg1 f3 92. Kh1 Kxf2 93. Kh2 Ke2 94. Kh1 f2 95. Kg2 f1=Q+ 0-1

[Event "Early-Titled-Tuesday-Blitz-March-19-2024"]
[Site "Chess.com"]
[Date "2024.03.19"]
[Round "7"]
[White "Kacparov"]
[Black "Korchmar_Vasiliy"]
[Result "1-0"]
[WhiteElo "2913"]
[BlackElo "2695"]
[TimeControl "180+1"]
[EndTime "9:21:11 PDT"]
[Termination "Kacparov won on time"]

1. e4 c5 2. Nf3 d6 3. d4 cxd4 4. Nxd4 Nf6 5. f3 e5 6. Nb3 Be6 7. c4 Nbd7 8. Nc3 Rc8 9. Be3 Bxc4 10. Bxc4 Rxc4 11. Qd3 Rc8 12. O-O Be7 13. Rac1 a6 14. Nd5 Rxc1 15. Rxc1 Nxd5 16. Qxd5 O-O 17. Qxb7 a5 18.
Rc7 Bg5 19. Bf2 Nc5 20. Nxc5 dxc5 21. Rd7 Qf6 22. Bxc5 Re8 23. Rd1 h5 24. Qb6 Re6 25. Qxa5 Ra6 26. Qb5 Rxa2 27. Bf2 h4 28. h3 Kh7 29.
Qb3 Ra6 30. Qd5 Bf4 31. b4 Rc6 32. b5 Rc2 33. Qd3 Rb2 34. b6 Qg6 35. Qf1 Qg5 36. Kh1 Be3 37. Bxe3 Qxe3 38. Rb1 Qxb6 39. Rxb2 Qxb2 40.
Qe1 g5 41. Qd1 Qf2 42. Qd5 Qe1+ 43. Kh2 Qg3+ 44. Kh1 Qe1+ 45. Kh2 Qg3+ 46. Kh1 Qf4 47. Kg1 Qc1+ 48. Kh2 Qf4+ 49. Kg1 Qc1+ 50. Kh2 Qf4+ 51. Kh1 Kg7 52. Qd6 Qc1+ 53. Kh2 Qf4+ 54. Kh1 g4 55. hxg4 h3 56. Qd1 Qg3 57. Qf1 hxg2+ 58. Qxg2 Qe1+ 59.
Qg1 Qe2 60. Qg3 f6 61. Kg1 Kg6 62. Qf2 Qd1+ 63. Kg2 Qc1 64. Qe2 Kg7 65. Qd3 Qb2+ 66.
Kg3 Qc1 67. Kf2 Qb2+ 68. Ke3 Qc1+ 69. Qd2 Qg1+ 70. Kd3 Qf1+ 71. Ke3 Qg1+ 72. Kd3 Qf1+ 73. Qe2 Qb1+ 74. Kc3 Qc1+ 75. Qc2 Qe3+ 76. Qd3 Qc5+ 77. Kd2 Qf2+ 78. Kd1 Qg1+ 79. Kc2 Qf2+ 80. Kb3 Qb6+ 81.
Ka4 Qa7+ 82. Kb4 Qb6+ 83. Qb5 Qd4+ 84. Qc4 Qb2+ 85. Kc5 Qf2+ 86. Kd6 Qxf3 87. Ke7 Qxg4 88. Qf7+ Kh6 89. Qxf6+ Qg6 90. Qxg6+ Kxg6 91. Ke6 Kg7 92. Kxe5 Kf7 93. Kd6 Ke8 94. Ke6 1-0

[Event "Early-Titled-Tuesday-Blitz-March-19-2024"]
[Site "Chess.com"]
[Date "2024.03.19"]
[Round "7"]
[White "MagnusCarlsen"]
[Black "HansOnTwitch"]
[Result "1-0"]
[WhiteElo "3273"]
[BlackElo "3077"]
[TimeControl "180+1"]
[EndTime "9:21:24 PDT"]
[Termination "MagnusCarlsen won by resignation"]

1. e4 c5 2. Nf3 d6 3. d4 cxd4 4. Nxd4 Nf6 5. Nc3 a6 6. Be3 e5 7.
Nf3 Be7 8. Bc4 O-O 9. O-O Be6 10. Bxe6 fxe6 11. Na4 Nfd7 12. c4 Nc6 13. Rc1 b6 14.
Qb3 Rb8 15. c5 Nxc5 16. Nxc5 bxc5 17. Qxe6+ Kh8 18. b3 Nd4 19. Bxd4 exd4 20. e5 d5 21. Qg4 Rb4 22. Rfd1 Qe8 23. Qe6 Qf7 24. Qxf7 Rxf7 25.
Ne1 g5 26. Nd3 Rb5 27. g3 Kg7 28. e6 Rf8 29. a4 Rxb3 30. Nxc5 Rc3 31. Nxa6 Rfc8 32.
Rb1 d3 33. Kg2 R8c4 34. a5 Ra3 35. Rb7 Kf6 36. Nc7 Bc5 37. Re1 d2 38. Nxd5+ Kf5 39. Rd1 Rd3 40. e7 Re4 41. Rb8 Bxe7 42. Nxe7+ Rxe7 43. Rb2 Ra7 44. Rbxd2 Rxd2 45. Rxd2 Rxa5 46. Rd7 h5 47.
Rd6 g4 48. h4 Ke4 49. Rf6 Re5 50. Rf4+ Kd5 51. Kf1 Ke6 52. Rf8 Ke7 53. Rh8 Kf7 54. Ra8 Kg6 55. Ra3 Rd5 56. Re3 Rf5 57. Ke2 Rd5 58.
Re6+ Kg7 59. Ke3 Rf5 60. Re4 Rf3+ 61. Ke2 Rf5 62. Rf4 Re5+ 63. Kd3 Ra5 64. Ke4 Kg6 65.
Rf8 Ra4+ 66. Ke3 Ra3+ 67. Ke2 Ra2+ 68. Kf1 Ra1+ 69. Kg2 Kh6 70. Rh8+ Kg6 71. Rg8+ Kh6 72. Rb8 Kg6 73. Rb6+ Kg7 74. Rb3 Kg6 75. f4 gxf3+ 76. Kxf3 Ra4 77. Rb6+ Kg7 78. Rb5 Kg6 79. Rg5+ Kh6 80.
Re5 Kg6 81. Re6+ Kg7 82. Re4 Ra5 83. Kf4 Kf6 84. Rb4 Rf5+ 85. Ke4 Re5+ 86. Kf3 Ra5 87. Rb6+ Kg7 88. Re6 Rb5 89. Kf4 Rb4+ 90. Re4 Rb5 91. Re5 Rb4+ 92. Kf3 Kf6 93. Rxh5 Kg6 94. Rg5+ Kh6 95.
Re5 Rb3+ 96. Kf4 Rb4+ 97. Re4 Rb7 98. Re6+ Kh7 99. g4 Rb4+ 100. Kf5 Rb5+ 101. Re5 Rb7 102. h5 Rf7+ 103. Kg5 Rg7+ 104. Kh4 Rb7 105. Re4 Rb5 106. Re7+ Kg8 107. h6 Kh8 108. g5 Rb6 109. Kh5 1-0

[Event "Early-Titled-Tuesday-Blitz-March-19-2024"]
[Site "Chess.com"]
[Date "2024.03.19"]
[Round "7"]
[White "Legendinunknown"]
[Black "dropstoneDP"]
[Result "0-1"]
[WhiteElo "2837"]
[BlackElo "2991"]
[TimeControl "180+1"]
[EndTime "9:21:24 PDT"]
[Termination "dropstoneDP won by resignation"]

1. d4 d5 2. c4 dxc4 3. e4 b5 4. a4 c6 5. axb5 cxb5 6. b3 e5 7. bxc4 Bb4+ 8. Bd2 Bxd2+ 9. Nxd2 Qxd4 10. Ngf3 Qd8 11.
cxb5 Nf6 12. Nc4 Qxd1+ 13. Rxd1 O-O 14. Bd3 Nbd7 15. Nd6 a6 16. O-O axb5 17. Bxb5 Ba6 18. Rb1 Bxb5 19. Rxb5 Rfb8 20. Rxb8+ Rxb8 21. Rd1 h6 22. h3 Rb4 23. Ra1 Nxe4 24. Ra8+ Kh7 25. Nxe4 Rxe4 26. Ra7 Nc5 27. Rxf7 Kg8 28. Re7 Nd3 29. Kf1 Ra4 30. Nxe5 Nxe5 31. Rxe5 Kf7 32. g3 g5 33. Kg2 Ra3 34. Re3 Ra4 35. Kf3 Kf6 36.
Re4 Ra2 37. Rb4 Ra6 38. h4 Kg6 39. Rc4 Rb6 40. Kg2 Ra6 41. Kh3 Rf6 42. Rc2 Ra6 43. f3 Rb6 44. Rc3 Ra6 45. Rc4 Rb6 46. Kg4 Rf6 47.
h5+ Kg7 48. Rc7+ Kg8 49. Rd7 Kf8 50. Rd5 Kg7 51. Ra5 Rb6 52. Ra7+ Kg8 53. Kf5 Rc6 54.
Rb7 Kf8 55. Rh7 Ra6 56. Rd7 Rb6 57. Ke5 Rb3 58. Rd6 Ke7 59. Re6+ Kf7 60. Rf6+ Kg7 61. Rg6+ Kh7 62. Rf6 Rb5+ 63. Ke6 Rb6+ 64. Ke7 Rb7+ 65. Kd8 Rb8+ 66. Kc7 Rb3 67. Rf5 Kg7 68. g4 Rd3 69. Kc6 Ra3 70. Kd6 Rb3 71. Ke7 Re3+ 72. Kd7 Ra3 73. Kd6 Re3 74. Kd5 Ra3 75. f4 Ra5+ 76. Ke4 Ra4+ 77. Ke5 Ra5+ 78. Ke4 Ra4+ 79. Kf3 Ra3+ 80.
Kg2 Ra2+ 81. Kf3 Ra3+ 82. Ke2 Ra2+ 83. Ke3 Ra3+ 84. Kd4 Ra4+ 85. Ke5 Ra5+ 86. Ke6 Ra6+ 87. Kd7 Ra7+ 88. Kc6 Ra6+ 89. Kb7 Ra4 90. fxg5 Rxg4 91.
g6 Rg5 92. Rf7+ Kg8 93. Kc6 Rxh5 94. Kd6 Rg5 95. Rf1 Kg7 96. Ke6 h5 97. Rf7+ Kxg6 98.
Rf6+ Kg7 99. Rf7+ Kh6 100. Rf6+ Rg6 0-1

[Event "Early-Titled-Tuesday-Blitz-March-19-2024"]
[Site "Chess.com"]
[Date "2024.03.19"]
[Round "7"]
[White "ActorXu"]
[Black "Goryachkina"]
[Result "1/2-1/2"]
[WhiteElo "2826"]
[BlackElo "2651"]
[TimeControl "180+1"]
[EndTime "9:21:35 PDT"]
[Termination "Game drawn by repetition"]

1. e4 e6 2. d3 d5 3. Nd2 Nc6 4. Ngf3 Nf6 5. g3 e5 6. Bg2 dxe4 7.
dxe4 Bc5 8. O-O O-O 9. c3 a5 10. Qc2 h6 11. h3 Qe7 12. Nc4 Be6 13. Ne3 Rfd8 14. Nh4 a4 15. Nef5 Qf8 16. Be3 Bxe3 17.
Nxe3 Qc5 18. Kh2 Rd7 19. b4 axb3 20. axb3 Rad8 21. b4 Qb5 22. Rfd1 Ne7 23. Ra5 Qb6 24. Rxd7 Nxd7 25. Nhf5 Bxf5 26. exf5 c6 27. Qe4 Qc7 28. Ng4 b6 29. Ra1 Nf6 30. Nxf6+ gxf6 31. Qh4 Kg7 32.
Re1 Rd2 33. Re4 Ng8 34. Rg4+ Kf8 35. Rc4 Rxf2 36. Qe4 Qd6 37. Qxc6 Qxc6 38. Rxc6 Ne7 39. Rxb6 Nxf5 40. Kg1 Rc2 41. Be4 Rc1+ 42. Kf2 Ne7 43. Rxf6 Kg7 44. Rf3 f5 45. Bxf5 Nxf5 46. Rxf5 Rc2+ 47.
Kf3 Rxc3+ 48. Kf2 Rb3 49. Rxe5 Rxb4 50. Kf3 Rb3+ 51. Kf4 Rc3 52. Re4 Kg6 53. Ra4 Rb3 54. Ra6+ Kg7 55. Kg4 Rb4+ 56. Kh5 Rb5+ 57. Kh4 Rb4+ 58.
g4 Rb5 59. Re6 Ra5 60. Kg3 Ra3+ 61. Kh4 Ra5 62. Re3 Rb5 63. Kg3 Rb4 64. Kf3 Ra4 65. Re4 Ra3+ 66. Re3 Ra4 67. h4 Kg6 68. Re6+ Kg7 69. Re4 Ra5 70. Kf4 Rb5 71. Re5 Rb1 72. Re7+ Kf6 73. Re3 Rb4+ 74. Re4 Rb1 75. Rc4 Rf1+ 76. Kg3 Rg1+ 77. Kf2 Rh1 78. Rc6+ Kg7 79. Kg3 Rg1+ 80. Kf3 Rf1+ 81. Kg2 Ra1 82. Re6 Ra3 83. Kf2 Rb3 84. Re3 Rb4 85. Kf3 Kg6 86. Re4 Rb1 87.
Re6+ Kg7 88. Kf4 Rf1+ 89. Kg3 Rg1+ 90. Kh3 Rh1+ 91. Kg3 Rg1+ 92. Kf3 Rh1 93. Kg3 Rg1+ 1/2-1/2

[Event "Early-Titled-Tuesday-Blitz-March-19-2024"]
[Site "Chess.com"]
[Date "2024.03.19"]
[Round "8"]
[White "Mikasinski"]
[Black "JERO-8914"]
[Result "1-0"]
[WhiteElo "2640"]
[BlackElo "2450"]
[TimeControl "180+1"]
[EndTime "9:23:22 PDT"]
[Termination "Mikasinski won by resignation"]

1. e4 e5 2. Nf3 Nc6 3. Nc3 Nf6 4. Bb5 Bc5 5. Nxe5 O-O 6. Nf3 Re8 7. Bxc6 bxc6 8. d3 d5 9. O-O Ba6 10. Bg5 h6 11.
Bxf6 Qxf6 12. exd5 cxd5 13. Nxd5 Qxb2 14. Nxc7 1-0

[Event "Early-Titled-Tuesday-Blitz-March-19-2024"]
[Site "Chess.com"]
[Date "2024.03.19"]
[Round "8"]
[White "SlavenPastar"]
[Black "Pragmatist237"]
[Result "1-0"]
[WhiteElo "2558"]
[BlackElo "2332"]
[TimeControl "180+1"]
[EndTime "9:24:09 PDT"]
[Termination "SlavenPastar won by resignation"]

1. b3 e5 2. Bb2 Nc6 3. Nf3 d6 4. d4 e4 5. d5 exf3 6. dxc6 bxc6 7. gxf3 Nf6 8. Qd4 d5 9. Nc3 Bf5 10. O-O-O Bg6 11. e4 c5 12. Qe5+ Qe7 13. Bb5+ Nd7 14. Qxc7 Rd8 15. Rxd5 1-0

[Event "Early-Titled-Tuesday-Blitz-March-19-2024"]
[Site "Chess.com"]
[Date "2024.03.19"]
[Round "8"]
[White "bobo_panda"]
[Black "aljado"]
[Result "1-0"]
[WhiteElo "2352"]
[BlackElo "2120"]
[TimeControl "180+1"]
[EndTime "9:24:12 PDT"]
[Termination "bobo_panda won by resignation"]

1. e4 c5 2. Nf3 e6 3. d4 cxd4 4. Nxd4 a6 5. c4 Qc7 6. Nc3 Nf6 7. a3 Nc6 8. Be3 Ne5 9. Rc1 Be7 10. Be2 O-O 11.
f4 Nc6 12. O-O Nxd4 13. Bxd4 Bc5 14. b4 Bxd4+ 15. Qxd4 d6 16. Rfd1 Rd8 17. e5 Ne8 18. Ne4 d5 19. cxd5 Rxd5 20. Rxc7 Rxd4 21. Rxd4 Nxc7 22.
Rd8+ 1-0

[Event "Early-Titled-Tuesday-Blitz-March-19-2024"]
[Site "Chess.com"]
[Date "2024.03.19"]
[Round "8"]
[White "SharapovEvgeny"]
[Black "Mandaloriana19"]
[Result "1-0"]
[WhiteElo "2575"]
[BlackElo "2410"]
[TimeControl "180+1"]
[EndTime "9:24:38 PDT"]
[Termination "SharapovEvgeny won by resignation"]

1. e4 c5 2. Nf3 d6 3. d4 cxd4 4. Nxd4 Nf6 5. f3 g6 6. c4 Bg7 7.
Nc3 Nbd7 8. Be3 Ne5 9. Be2 h5 10. O-O h4 11. Qd2 h3 12. g3 Nc6 13. Nd5 O-O 14.
Rac1 Be6 15. Nxe6 fxe6 16. Nf4 e5 17. Ne6 Qd7 18. Nxf8 Rxf8 19. c5 d5 20. exd5 Nxd5 21. Qxd5+ Qxd5 22. Bc4 e6 23. Bxd5 exd5 24. a3 d4 25. Bd2 Rc8 26. b4 Ne7 27. Rce1 Nd5 28. f4 Bh6 29. Rxe5 1-0

[Event "Early-Titled-Tuesday-Blitz-March-19-2024"]
[Site "Chess.com"]
[Date "2024.03.19"]
[Round "8"]
[White "Massakru"]
[Black "rikchessmx"]
[Result "1-0"]
[WhiteElo "2405"]
[BlackElo "2273"]
[TimeControl "180+1"]
[EndTime "9:24:54 PDT"]
[Termination "Massakru won by resignation"]

1. e4 e5 2. Nf3 Nc6 3. Bb5 Bc5 4.
O-O Qf6 5. c3 a6 6. Ba4 b5 7.
Bc2 Nge7 8. d4 exd4 9. Bg5 Qg6 10. e5 dxc3 11. Bxg6 hxg6 12. Nxc3 Bb7 13. Nd5 Nxd5 14. Qxd5 Bb6 15. Be3 Na5 16. Qd1 c5 17. b4 Nc4 18.
Bxc5 Bc7 19. a4 f6 20. axb5 axb5 21. Rxa8+ Bxa8 22. Re1 Kf7 23. Qxd7+ 1-0

[Event "Early-Titled-Tuesday-Blitz-March-19-2024"]
[Site "Chess.com"]
[Date "2024.03.19"]
[Round "8"]
[White "HansOnTwitch"]
[Black "VitaliyBernadskiy"]
[Result "1-0"]
[WhiteElo "3081"]
[BlackElo "2881"]
[TimeControl "180+1"]
[EndTime "9:25:02 PDT"]
[Termination "HansOnTwitch won by resignation"]

1. e4 c5 2. Nf3 d6 3. d4 cxd4 4. Nxd4 Nf6 5. Nc3 Nc6 6. Bg5 Bd7 7. Bxf6 gxf6 8. Bb5 Rg8 9. g3 Rc8 10. Bxc6 bxc6 11. Qd2 Qa5 12. O-O-O Rb8 13. Kb1 Qb4 14. b3 f5 15. exf5 Bg7 16. Rhe1 c5 17. Rxe7+ Kxe7 18. Nc6+ Bxc6 19. Qxd6+ Ke8 20. Qxc6+ Ke7 21. Qd6+ 1-0

[Event "Early-Titled-Tuesday-Blitz-March-19-2024"]
[Site "Chess.com"]
[Date "2024.03.19"]
[Round "8"]
[White "geminithegreat"]
[Black "dianamirza"]
[Result "1-0"]
[WhiteElo "2217"]
[BlackElo "1983"]
[TimeControl "180+1"]
[EndTime "9:25:04 PDT"]
[Termination "geminithegreat won by resignation"]

1. d4 Nf6 2. g3 g6 3. Bg2 Bg7 4. Nf3 d6 5. O-O O-O 6. c4 c5 7.
Nc3 cxd4 8. Nxd4 a6 9. e4 Qc7 10. b3 Nc6 11. Nxc6 bxc6 12. Bb2 Bb7 13. Rc1 a5 14.
Na4 c5 15. Re1 Bc6 16. e5 dxe5 17.
Bxe5 Qd7 18. Qxd7 Bxd7 19. Bxa8 Rxa8 20. Nb6 Rb8 21. Bxb8 1-0

[Event "Early-Titled-Tuesday-Blitz-March-19-2024"]
[Site "Chess.com"]
[Date "2024.03.19"]
[Round "8"]
[White "Happy1712Drummer"]
[Black "Dacean99"]
[Result "1/2-1/2"]
[WhiteElo "2464"]
[BlackElo "2635"]
[TimeControl "180+1"]
[EndTime "9:25:14 PDT"]
[Termination "Game drawn by repetition"]

1. e4 c5 2. Nf3 d6 3. Bb5+ Nd7 4.
O-O a6 5. Bxd7+ Bxd7 6. c3 Nf6 7. Re1 g6 8. d4 cxd4 9. cxd4 Bg7 10. Nc3 O-O 11. e5 Ne8 12. Bf4 Rc8 13. exd6 Nxd6 14.
Nd5 Be6 15. Nxe7+ Qxe7 16. d5 Rc4 17. Bxd6 Qxd6 18. dxe6 Qxd1 19. Raxd1 fxe6 20. b3 Rc6 21. Rd7 Rf7 22. Rd8+ Rf8 23. Rd7 Rf7 24. Rd8+ Rf8 25. Rd7 1/2-1/2

[Event "Early-Titled-Tuesday-Blitz-March-19-2024"]
[Site "Chess.com"]
[Date "2024.03.19"]
[Round "8"]
[White "FormerProdigy"]
[Black "js20000"]
[Result "1-0"]
[WhiteElo "2954"]
[BlackElo "2795"]
[TimeControl "180+1"]
[EndTime "9:25:19 PDT"]
[Termination "FormerProdigy won by resignation"]

1. d4 d5 2. c4 c6 3. e3 Nf6 4. Nc3 a6 5. Nf3 Bf5 6. Ne5 Nbd7 7. Qb3 Qc7 8. cxd5 Nxe5 9. dxe5 Nxd5 10. Nxd5 cxd5 11.
Bd2 Qxe5 12. Rc1 Bd7 13. Qxb7 Rb8 14. Qxa6 Qxb2 15. Bd3 e6 16. Ke2 Bb4 17. Rc2 Qxc2 18. Bxc2 1-0

[Event "Early-Titled-Tuesday-Blitz-March-19-2024"]
[Site "Chess.com"]
[Date "2024.03.19"]
[Round "8"]
[White "SmirnovAlexandrA"]
[Black "maciek_92"]
[Result "0-1"]
[WhiteElo "2641"]
[BlackElo "2894"]
[TimeControl "180+1"]
[EndTime "9:25:20 PDT"]
[Termination "maciek_92 won by resignation"]

1. e4 c5 2. Nf3 e6 3. g3 Nc6 4. Bg2 Nf6 5. Nc3 e5 6. O-O d6 7. Re1 Be7 8. h3 h6 9. Nd5 Be6 10. Nxe7 Nxe7 11. c3 Qd7 12. Kh2 g5 13. Ng1 h5 14. d4 h4 15. g4 Bxg4 16. hxg4 Nxg4+ 17. Qxg4 Qxg4 18. Bh3 Qh5 19. f3 exd4 20. cxd4 Nc6 21. dxc5 dxc5 22. Be3 Ne5 23. Rf1 g4 24. fxg4 Nxg4+ 25. Bxg4 Qxg4 26. Bf4 O-O-O 27. Rac1 b6 28. b4 Rhg8 29.
Rf2 Rd1 0-1

[Event "Early-Titled-Tuesday-Blitz-March-19-2024"]
[Site "Chess.com"]
[Date "2024.03.19"]
[Round "8"]
[White "chess94cu"]
[Black "superchess02"]
[Result "0-1"]
[WhiteElo "2639"]
[BlackElo "2828"]
[TimeControl "180+1"]
[EndTime "9:25:25 PDT"]
[Termination "superchess02 won by resignation"]

1. d4 Nf6 2. c4 g6 3. Nc3 Bg7 4.
e4 d6 5. Be2 O-O 6. Bg5 c5 7.
d5 b5 8. cxb5 a6 9. a4 e6 10. Nf3 h6 11. Bf4 exd5 12. exd5 g5 13. Bg3 Nh5 14. Nd2 Nxg3 15. hxg3 Nd7 16. O-O f5 17. Qc2 Ne5 18. Nc4 Nxc4 19. Bxc4 f4 20.
gxf4 gxf4 21. Be2 f3 22. Bd3 fxg2 23. Rfe1 Qh4 24. Kxg2 Bh3+ 0-1